 Dungeon Crawl Stone Soup version 0.19-a0-994-g3c636f0 (webtiles) character file.

296 matakusis the Ducker (level 6, -4/48 HPs)
             Began as a Demonspawn Gladiator on July 17, 2016.
             Was a Follower of Hepliaklqana.
             Engulfed by a cloud of flame (18 damage)
             ... on level 3 of the Dungeon.
             The game lasted 00:08:40 (3455 turns).

matakusis the Ducker (Demonspawn Gladiator)         Turns: 3455, Time: 00:08:41

Health: -4/48      AC:  6    Str: 15    XL:     6   Next: 12%
Magic:  6/6        EV: 20    Int:  9    God:    Hepliaklqana [*.....]
Gold:   174        SH:  0    Dex: 21    Spells: 0 memorised, 5 levels left

rFire  . . .     SeeInvis .     a - +0 long sword
rCold  . . .     Gourm    .     b - +0 leather armour
rNeg   . . .     Faith    .     (no shield)
rPois  .         Spirit   .     c - +0 helmet
rElec  .         Dismiss  .     u - +1 cloak
rCorr  .         Reflect  .     (no gloves)
SustAt .         Harm     .     (no boots)
MR     .....                    (no amulet)
Stlth  +++.......               (no ring)
                                (no ring)

@: agile, not resistant to hostile enchantments, fairly stealthy
A: powered by pain 1, sturdy frame 1
a: Recall Ancestor, Ancestor Identity, Renounce Religion


You were on level 3 of the Dungeon.
You worshipped Hepliaklqana.
Hepliaklqana was aware of your devotion.
You were not hungry.

You visited 1 branch of the dungeon, and saw 3 of its levels.

You collected 174 gold pieces.

Inventory:

Hand Weapons
 a - a +0 long sword (weapon)
Missiles
 d - 3 throwing nets (quivered)
Armour
 b - a +0 leather armour (worn)
 c - a +0 helmet (worn)
 u - a +1 cloak (worn)
Wands
 v - a wand of flame (25/48)
Scrolls
 h - a scroll of remove curse
 q - a scroll of fear
Potions
 e - 2 potions of agility
 m - 3 potions of heal wounds
 n - 2 potions of berserk rage
 o - 2 potions of degeneration {unknown}
 p - 2 potions of curing
 t - a potion of brilliance {unknown}
 w - a potion of lignification {unknown}
 z - a potion of mutation {unknown}
Comestibles
 f - 2 bread rations
 r - a slice of pizza
 x - 3 beef jerkies


   Skills:
 * Level 3.7 Fighting
 + Level 4.0 Long Blades
 - Level 1.7 Throwing
 + Level 4.6 Dodging


You had 5 spell levels left.
You didn't know any spells.

Dungeon Overview and Level Annotations

Branches:
Dungeon (3/15)

Altars:
Hepliaklqana
Nemelex Xobeh
Qazlal


Innate Abilities, Weirdness & Mutations

You sometimes gain a little power by taking damage.
Your movements are slightly less encumbered by armour. (ER -2)


Message History

m - 3 potions of heal wounds
As you read the scroll labeled GONENT DEIKK, it crumbles to dust.
You assume a fearsome visage.
Synnove is unaffected.
It was a scroll of fear.
As you read the scroll labeled PYM INOPSUE, it crumbles to dust.
It is a scroll of enchant armour.
Enchant which item? (? for menu, Esc to quit)
Your +0 cloak glows green for a moment.
As you read the scroll of identify, it crumbles to dust.
e - 2 potions of agility
As you read the scroll of identify, it crumbles to dust.
p - 2 potions of curing You are engulfed in roaring flames.
You are engulfed in roaring flames.
* * * LOW HITPOINT WARNING * * *
You focus on the pain.
You feel agile all of a sudden.
You are engulfed in roaring flames.
You die...

#.###### ##'###......##.# #.#
##...##########.# #.####
##.....## ###.# #.##.##
##...§...## ##.#.#
##.#...####....§§§§.# ##....#
..........#####§§R### #.....#
##.#...#### #§§§# ##....##
#.##.## #§§§# ##..)[# #.####
#§@§# ##...# #.#####
#####...########..>####
#.....###.§§§.....§.§..........#
#####.##..§§§.$.$.§§§..........#
#.........§§§.....§§§..........#
#.###.########...######.#...####
#.##.....# #§§§# #(#...#
#.##..#### #§§§# #.#...#
#.##.....# #.§§# ##.#####


You could see the friendly Synnove the ancestor.

Vanquished Creatures
  A giant frog (D:3)
  Ijyb (D:3)
  7 adders
  An ooze (D:2)
  A worm (D:2)
  A dart slug (D:3)
  3 giant geckos
  An orc (D:3)
  4 bats
  2 giant cockroaches (D:1)
  10 goblins
  8 hobgoblins
  7 jackals
  5 kobolds
  3 ball pythons
  4 giant newts
  11 rats
70 creatures vanquished.

Vanquished Creatures (collateral kills)
  An orc wizard (D:3)
  Jessica (D:3)
  An orc (D:3)
  A giant cockroach (D:3)
  A hobgoblin (D:3)
  A jackal (D:3)
  2 bats (D:3)
8 creatures vanquished.

Grand Total: 78 creatures vanquished

Notes
Turn   | Place    | Note
-------+----------+-------------------------------------------
     0 | D:1      | matakusis the Demonspawn Gladiator began the quest for the Orb.
     0 | D:1      | Reached XP level 1. HP: 16/16 MP: 1/1
   272 | D:1      | Gained mutation: Your movements are slightly less encumbered by armour. (ER -2) [demonic ancestry]
   272 | D:1      | Reached XP level 2. HP: 20/22 MP: 2/2
   671 | D:1      | Reached XP level 3. HP: 26/27 MP: 3/3
  1192 | D:2      | Reached XP level 4. HP: 28/34 MP: 4/4
  1363 | D:2      | You fall through a shaft!
  1547 | D:2      | Found a stormy altar of Qazlal.
  1548 | D:2      | Found a hazy altar of Hepliaklqana.
  1562 | D:2      | Became a worshipper of Hepliaklqana
  1827 | D:3      | Gained mutation: You sometimes gain a little power by taking damage. [demonic ancestry]
  1827 | D:3      | Reached XP level 5. HP: 16/40 MP: 5/5
  2369 | D:3      | Noticed Ijyb
  2382 | D:3      | Killed Ijyb
  2394 | D:3      | Noticed Jessica
  2408 | D:3      | Killed Jessica
  2575 | D:3      | Reached XP level 6. HP: 13/48 MP: 6/6
  2843 | D:3      | Found a sparkling altar of Nemelex Xobeh.
  3027 | D:3      | Reached * piety under Hepliaklqana
  3455 | D:3      | Engulfed by a cloud of flame

Vault maps used:
D:1:      tarquinn_simple_flora_water_b
D:2:      gammafunk_temple_overflow_pools
D:3:      marbit_many_paths, lemuel_flame_loot_1, uniq_iyjb, uniq_jessica

Skill      XL: |  1  2  3  4  5 |
---------------+----------------+-----
Long Blades    | 3 4 |  4.0
Dodging        | 3 4 |  4.6
Fighting       | 3 |  3.7
Throwing       | |  1.7

Action                   |  1- 3 |  4- 6 || total
-------------------------+-------+-------++-------
Melee: Long sword        |   118 |   155 ||   273
  Use: Scroll            |       |    10 ||    10
  Eat: Chunk             |     1 |     7 ||     8
Armor: Leather armour    |    30 |    30 ||    60
Dodge: Dodged            |    77 |    98 ||   175
